 Dungeon Crawl Stone Soup version 0.27.1-4-g1640c2035a (webtiles) character file.

Game seed: 5354355103813621853

441 cdecastro the Digger (level 7, -5/36 HPs)
             Began as a Gargoyle Earth Elementalist on Nov 10, 2021.
             Slain by a hornet zombie (6 damage)
             ... in an ossuary on Nov 15, 2021.
             The game lasted 00:09:03 (3952 turns).

cdecastro the Digger (Gargoyle Earth Elementalist)  Turns: 3952, Time: 00:09:03

Health: -5/36      AC: 10    Str: 11    XL:     7   Next: 2%
Magic:  2/11       EV: 11    Int: 18    God:
Gold:   54         SH:  0    Dex: 10    Spells: 6/12 levels left

rFire    . . .     SeeInvis .   l - +0 hand axe (elec)
rCold    . . .     Faith    .   (no shield)
rNeg     + . .     Spirit   .   b - +0 robe
rPois    ∞         Reflect  .   (no helmet)
rElec    +         Harm     .   (no cloak)
rCorr    .         Rampage  .   (no gloves)
Will     .....                  (no boots)
Stlth    ++........             (no amulet)
HPRegen  0.12/turn              e - +4 ring of protection
MPRegen  0.12/turn              q - +4 ring of slaying

@: no status effects
A: sickness immunity, AC +4, negative energy resistance 1, electricity
resistance, torment resistance 1, petrification resistance
a: no special abilities


You were in an ossuary.
You visited 1 branch of the dungeon, and saw 4 of its levels.
You also visited: Ossuary.

You collected 54 gold pieces.

Inventory:

Hand Weapons
 a - a +0 dagger
 l - a +0 hand axe of electrocution (weapon)
Missiles
 c - 6 stones
 f - 10 bolts
 h - 4 poisoned darts
 o - 5 boomerangs
 p - 34 arrows
Armour
 b - a +0 robe (worn)
Jewellery
 e - a +4 ring of protection (left hand)
 q - a +4 ring of slaying (right hand)
Scrolls
 d - 4 scrolls of enchant weapon {unknown}
 i - a scroll of vulnerability {unknown}
 j - 2 scrolls of identify {unknown}
 m - a scroll of magic mapping {unknown}
 r - a scroll of immolation {unknown}
Potions
 g - a potion of heal wounds {unknown}
 k - a potion of flight {unknown}
 n - a potion of curing {unknown}


   Skills:
 - Level 1.5 Dodging
 - Level 2.1 Stealth
 - Level 3.0 Spellcasting
 - Level 5.0 Conjurations
 - Level 0.7 Transmutations
 + Level 6.5 Earth Magic


You had 6 spell levels left.
You knew the following spells:

 Your Spells              Type           Power      Damage    Failure   Level
a - Sandblast             Erth           52%        2d12      1%          1
b - Passwall              Tmut/Erth      12%        N/A       5%          2
c - Stone Arrow           Conj/Erth      46%        3d9       4%          3

Your spell library contained the following spells:

 Spells                   Type           Power      Damage    Failure   Level
 Foxfire                  Conj/Fire      44%        2x1d6     6%          1
 Conjure Flame            Conj/Fire      11%        6-21      17%         3
 Blink                    Tloc           N/A        N/A       24%         2
 Petrify                  Tmut/Erth      15%        N/A       36%         4
 Inner Flame              Hex/Fire       2%         N/A       43%         3
 Lesser Beckoning         Tloc           1%         N/A       43%         3
 Manifold Assault         Tloc           2%         N/A       99%         5
 Conjure Ball Lightning   Conj/Air       5%         3x3d6     100%        6
 Discord                  Hex            1%         N/A       100%        8
 Disjunction              Tloc           1%         N/A       100%        8


Dungeon Overview and Level Annotations

Branches:
Dungeon (4/15)            Ossuary (1/1)
 Temple: D:4-7

Altars:


Innate Abilities, Weirdness & Mutations

You are immune to sickness and miasma.
Your stone body is resilient. (AC +4)
You are immune to poison.
You resist negative energy. (rN+)
You are resistant to electric shocks. (rElec)
You are resistant to unholy torment.
You are immune to petrification.


Message History

Unknown command.
Casting: Sandblast (safe; 1% risk of failure)
Confirm with . or Enter, or press ? or * to list all spells.
Aiming: Sandblast (safe; 1% risk of failure)
Press: ? - help, Shift-Dir - straight line, f/p - hornet zombie
Aim: a hornet zombie (heavily damaged, 83% to hit)
The blast of sand hits the hornet zombie.
The hornet zombie is heavily damaged.
The hornet zombie closely misses you.
Casting: Sandblast (safe; 1% risk of failure)
Confirm with . or Enter, or press ? or * to list all spells.
Aiming: Sandblast (safe; 1% risk of failure)
Press: ? - help, Shift-Dir - straight line, f/p - hornet zombie
Aim: a hornet zombie (heavily damaged, 83% to hit)
The blast of sand hits the hornet zombie.
The hornet zombie is heavily damaged.
The hornet zombie hits you.
* * * LOW HITPOINT WARNING * * *
The hornet zombie completely misses you.
Casting: Sandblast (safe; 1% risk of failure)
Confirm with . or Enter, or press ? or * to list all spells.
Aiming: Sandblast (safe; 1% risk of failure)
Press: ? - help, Shift-Dir - straight line, f/p - hornet zombie
Aim: a hornet zombie (heavily damaged, 83% to hit)
The blast of sand hits the hornet zombie but does no damage.
The hornet zombie is heavily damaged.
The hornet zombie hits you but does no damage.
Unknown command.
Casting: Sandblast (safe; 1% risk of failure)
Confirm with . or Enter, or press ? or * to list all spells.
Aiming: Sandblast (safe; 1% risk of failure)
Press: ? - help, Shift-Dir - straight line, f/p - hornet zombie
Aim: a hornet zombie (heavily damaged, 83% to hit)
The blast of sand misses the hornet zombie.
The blast of sand hits the bullfrog zombie.
The bullfrog zombie is heavily damaged.
The hornet zombie hits you!
* * * LOW HITPOINT WARNING * * *
The hornet zombie hits you.
You die...

#..≈ ≈≈≈≈
... ###≈.
≈.≈≈
##≈≈#####
#..Z#Z@∩#
#≈ZZ.∩.#
#≈≈..≈#...#
#≈##≈≈#####
≈..≈ ####'
#. ##


You could see 2 bullfrog zombies and a hornet zombie.

Vanquished Creatures
  A wyvern zombie (Ossuary)
  2 orc priests (D:3)
  5 mummies (Ossuary)
  Natasha (twice) (D:4)
  2 orc wizards (D:3)
  A killer bee zombie (Ossuary)
  3 adders
  6 worms
  3 dart slugs
  5 orcs (D:3)
  2 ball pythons
  3 bats
  5 endoplasms
  2 giant cockroaches
  6 goblins
  5 hobgoblins
  8 kobolds
  3 quokkas (D:1)
  2 frilled lizards
  6 rats
72 creatures vanquished.

Vanquished Creatures (others)
  7 withered plants (Ossuary)
7 creatures vanquished.

Grand Total: 79 creatures vanquished

Notes
Turn   | Place    | Note
-------+----------+-------------------------------------------
     0 | D:1      | cdecastro the Gargoyle Earth Elementalist began the quest
                  | for the Orb.
     0 | D:1      | Reached XP level 1. HP: 10/10 MP: 3/3
    86 | D:1      | Reached skill level 4 in Earth Magic
   333 | D:1      | Reached XP level 2. HP: 13/15 MP: 5/5
  1430 | D:2      | Reached skill level 5 in Earth Magic
  1430 | D:2      | Reached XP level 3. HP: 19/19 MP: 2/6
  1884 | D:2      | Reached XP level 4. HP: 23/24 MP: 7/7
  2185 | D:2      | Reached skill level 6 in Earth Magic
  2386 | D:3      | Learned a level 2 spell: Passwall
  2390 | D:3      | Learned a level 3 spell: Stone Arrow
  2488 | D:3      | Reached skill level 1 in Conjurations
  2894 | D:3      | Reached XP level 5. HP: 28/28 MP: 8/8
  3185 | D:3      | Found a faded altar of an unknown god.
  3655 | D:4      | Noticed Natasha
  3662 | D:4      | Killed Natasha
  3663 | D:4      | Reached XP level 6. HP: 25/32 MP: 4/9
  3675 | D:4      | Noticed Natasha
  3680 | D:4      | Killed Natasha
  3706 | D:4      | Found a sand-covered staircase.
  3761 | Ossuary  | Entered an ossuary
  3773 | Ossuary  | Reached skill level 5 in Conjurations
  3943 | Ossuary  | Reached XP level 7. HP: 17/36 MP: 9/11
  3951 | Ossuary  | HP: 1/36 [hornet zombie (9)]
  3952 | Ossuary  | Slain by a hornet zombie

Illustrated notes

Levels and vault maps discovered:
D:1:      eino_arrival_cavern_d, layout_loops_corners
D:2:      layout_rooms, nicolae_underground_beach
D:3:      layout_loops_corners, hellmonk_ecumenical_altar_leap_of_faith
D:4:      layout_loops_ring, nicolae_overflow_crystal_walls,
          minmay_temple_entry_wispy, nicolae_ossuary_entry_plus,
          minmay_fountain_box, uniq_blork_the_orc, uniq_natasha, uniq_grinder
Ossuary:  ossuary_zaba_flooded

Skill      XL: |  1  2  3  4  5  6 |
---------------+-------------------+-----
Earth Magic    | 4 5 6 |  6.5
Conjurations   | 2 4 5 |  5.0
Spellcasting   | 3 |  3.0
Dodging        | |  1.5
Stealth        | |  2.1
Transmutations | |  0.7

Action                   |  1- 3 |  4- 6 |  7- 9 || total
-------------------------+-------+-------+-------++-------
Melee: Dagger            |   175 |    14 |       ||   189
       Unarmed           |     1 |       |       ||     1
       Hand axe          |       |    79 |       ||    79
 Cast: Sandblast         |    11 |    32 |     9 ||    52
 Stab: Sleeping          |     4 |     1 |       ||     5
Armor: Robe              |    81 |    42 |     3 ||   126
Dodge: Dodged            |   104 |    42 |     5 ||   151
